 Dungeon Crawl Stone Soup version 0.25.0-10-g039870ee82 (webtiles) character file.

Game seed: 11903561403852928003

30 Descartes the Grasshopper (level 3, -6/16 HPs)
             Began as a Felid Warper on June 23, 2020.
             Mangled by an iguana (10 damage)
             ... on level 3 of the Dungeon.
             The game lasted 00:02:55 (1827 turns).

Descartes the Grasshopper (Felid Warper)            Turns: 1827, Time: 00:02:55

Health: -6/16      AC:  1    Str:  8    XL:     3   Next: 5%
Magic:  7/7        EV: 19    Int: 14    God:
Gold:   10         SH:  0    Dex: 15    Spells: 6/6 levels left
                                        Lives:  0   Deaths: 0

rFire    . . .     SeeInvis +     - Unarmed
rCold    . . .     Gourm    .   (shield unavailable)
rNeg     . . .     Faith    .   (armour unavailable)
rPois    .         Spirit   .   (helmet unavailable)
rElec    .         Reflect  .   (cloak unavailable)
rCorr    .         Harm     .   (gloves unavailable)
MR       .....                  (boots unavailable)
Stlth    +++.......             (no amulet)
HPRegen  0.05/turn              (no ring)
MPRegen  0.10/turn              (no ring)

@: quick
A: very small, no armour, no weapons or thrown items, stealth, claws 1, fangs 3,
see invisible, carnivore, speed 1, shaggy fur 1, slow metabolism 1, sharp paws
a: no special abilities


You were on level 3 of the Dungeon.
You were completely stuffed.

You visited 1 branch of the dungeon, and saw 4 of its levels.

You collected 10 gold pieces.

Inventory:

Missiles
 j - 30 stones
 o - 12 arrows
Wands
 n - a wand of acid (13)
Scrolls
 a - a scroll of magic mapping {unknown}
 b - 3 scrolls of blinking
 f - a scroll of enchant armour {unknown}
 h - 3 scrolls of identify {unknown}
 k - 2 scrolls of remove curse {unknown}
 l - a scroll of fear {unknown}
Potions
 d - a potion of degeneration {unknown}
 e - 5 potions of mutation {unknown}
 g - a potion of curing {unknown}
 i - a potion of brilliance {unknown}
Comestibles
 c - 3 rations


   Skills:
 - Level 2.0 Fighting
 + Level 3.6 Dodging
 * Level 2.4 Stealth
 * Level 2.7 Unarmed Combat
 - Level 2.0 Spellcasting
   Level 4.4 Translocations


You had 6 spell levels left.
You didn't know any spells.
Your spell library contained the following spells:

 Spells                   Type           Power        Failure   Level  Hunger
 Blink                    Tloc           N/A          6%          2    ###....
 Gell's Gravitas          Tloc           ##........   12%         3    ####...
 Lesser Beckoning         Tloc           ##........   12%         3    ####...
 Teleport Other           Tloc           ##......     12%         3    ####...
 Shroud of Golubria       Chrm/Tloc      #.....       14%         2    ###....
 Passage of Golubria      Tloc           N/A          36%         4    #####..


Dungeon Overview and Level Annotations

Branches:
Dungeon (4/15)
 Temple: D:4-7

Altars:

Shops:
D:4 *


Innate Abilities, Weirdness & Mutations

You cannot wear armour.
You are incapable of wielding weapons or throwing items.
Your paws allow you to move quietly. (Stealth)
You have sharp claws.
You have razor-sharp teeth.
You have supernaturally acute eyesight. (SInv)
You are carnivorous and can eat meat at any time.
You cover ground quickly.
You are covered in fur. (AC +1)
You have a slow metabolism.
Your sharp claws are effective at attacking unaware monsters.


Message History

The iguana bites you.
* * * LOW HITPOINT WARNING * * *
You scratch the iguana but do no damage.
You bite the iguana, but do no damage.
The iguana is moderately wounded.
The iguana barely misses you.
You closely miss the iguana.
The iguana is moderately wounded.
The iguana completely misses you.
You barely miss the iguana.
The iguana is moderately wounded.
The iguana misses you.
You scratch the iguana but do no damage.
The iguana is moderately wounded.
The iguana closely misses you.
You barely miss the iguana.
The iguana is moderately wounded.
The iguana bites you!
Ouch! That really hurt!
You die...

. #. ..
.# .###
...
#.####.#
#...@l.#
########


You could see an iguana.

Vanquished Creatures
  A dart slug (D:3)
  2 leopard geckos
  A giant cockroach (D:1)
  5 goblins (D:1)
  4 kobolds
  6 bats (D:1)
  3 frilled lizards (D:1)
  5 rats
27 creatures vanquished.

Notes
Turn   | Place    | Note
-------+----------+-------------------------------------------
     0 | D:1      | Descartes the Felid Warper began the quest for the Orb.
     0 | D:1      | Reached XP level 1. HP: 9/9 MP: 4/4
   336 | D:1      | Reached skill level 1 in Stealth
   479 | D:1      | Reached XP level 2. HP: 11/13 MP: 6/6
  1731 | D:2      | You fall into a shaft and drop 2 floors!
  1798 | D:4      | Found Myeqooj's Assorted Antiques.
  1808 | D:4      | Noticed a scorpion
  1811 | D:4      | Noticed a howler monkey
  1818 | D:3      | Reached XP level 3. HP: 16/16 MP: 7/7
  1827 | D:3      | Mangled by an iguana

Illustrated notes

Levels and vault maps discovered:
D:1:      minmay_arrival_four_houses, layout_basic, due_unseen_surprise
D:2:      layout_loops_cross, nicolae_ru_great_annihilating_truth,
          eat_drink_and_be_merry_uskayaw
D:3:      minmay_spotlight, layout_loops_ring, cheibriados_altar_1,
          chequers_serial_rivers_micro_b
D:4:      layout_basic, zin_purify, serial_shops, shop, uniq_duvessa

Skill      XL: |  1  2 |
---------------+-------+-----
Stealth        | 1 2 |  2.4
Fighting       | |  2.0
Dodging        | |  3.6
Unarmed Combat | |  2.7
Spellcasting   | |  2.0
Translocations | |  4.4

Action                   || total
-------------------------++-------
Melee: Unarmed           ||   124
       Bite              ||     7
       Punch             ||     1
 Stab: Sleeping          ||     2
  Eat: Chunk             ||     9
Armor: Skin              ||     5
Dodge: Dodged            ||   127
